 Dungeon Crawl Stone Soup version 0.17.1-1-g73c8601 (webtiles) character file.

141 Peloso the Skirmisher (level 5, -3/47 HPs)
             Began as a Minotaur Fighter on Dec 22, 2015.
             Killed by divine providence
             ... invoked by an orc priest
              (12 damage)
             ... on level 3 of the Dungeon.
             The game lasted 00:05:24 (1623 turns).

Peloso the Skirmisher (Minotaur Fighter)            Turns: 1623, Time: 00:05:24

Health: -3/47      AC:  7    Str: 20    XL:     5   Next: 3%
Magic:  4/4        EV:  8    Int:  5    God:
Gold:   112        SH:  9    Dex: 11    Spells: 0 memorised, 4 levels left

rFire  . . .     SeeInvis .     a - +0 long sword
rCold  . . .     Clarity  .     b - +0 scale mail
rNeg   . . .     SustAt   .     c - +0 shield
rPois  .         Gourm    .     (helmet restricted)
rElec  .         Spirit   .     (no cloak)
rCorr  .         Warding  .     (no gloves)
rMut   .         Stasis   .     (no boots)
MR     .....                    (no amulet)
Stlth  ..........               (no ring)
                                (no ring)

@: not resistant to hostile enchantments, extremely unstealthy
A: retaliatory headbutt, horns 2
a: no special abilities


You were on level 3 of the Dungeon.
You were hungry.

You visited 1 branch of the dungeon, and saw 3 of its levels.

You collected 112 gold pieces.

Inventory:

Hand Weapons
 a - a +0 long sword (weapon)
 p - a +2 whip of venom
 r - a cursed -2 spear
Armour
 b - a +0 scale mail (worn)
 c - a +0 shield (worn)
Jewellery
 w - an uncursed amulet of resist mutation {unknown}
Scrolls
 i - 3 scrolls of identify {unknown}
 k - a scroll of enchant weapon {unknown}
 l - a scroll of amnesia {unknown}
 q - a scroll of blinking {unknown}
 s - a scroll of immolation {unknown}
Potions
 d - a potion of might
 g - a potion of resistance {unknown}
 j - 2 potions of curing {unknown}
 m - 3 potions of degeneration {unknown}
 n - 2 potions of heal wounds {unknown}
 u - 2 potions of brilliance {unknown}
 v - a potion of cancellation {unknown}
Comestibles
 e - 2 bread rations
 f - 5 chunks of flesh
 h - a beef jerky
 o - a slice of pizza
 t - a royal jelly


   Skills:
 + Level 4.7 Fighting
 + Level 3.2 Long Blades
 + Level 4.7 Armour
 + Level 1.0 Dodging
 + Level 4.7 Shields


You had 4 spell levels left.
You didn't know any spells.

Dungeon Overview and Level Annotations

Branches:
Dungeon (3/15)

Altars:


Innate Abilities, Weirdness & Mutations

You reflexively headbutt those who attack you in melee.
You have a pair of horns on your head.


Message History

Unknown command.
You slash the orc priest!
The orc priest is almost dead.
The orc priest hits you but does no damage.
Unknown command.
You hit the orc priest but do no damage.
You headbutt the orc priest, but do no damage.
The orc priest is almost dead.
You block the orc priest's attack.
Unknown command.
You hit the orc priest. Your headbutt misses the orc priest.
The orc priest is almost dead.
The orc priest hits you with a hand axe.
* * * LOW HITPOINT WARNING * * *
You hit the orc priest but do no damage.
Your headbutt misses the orc priest.
The orc priest is almost dead.
The orc priest mumbles some strange prayers to Beogh against you.
Something smites you!
You die...

##### ...## ... #.# #@#
#o# # ##o#
#.##..###########
..###.#....).... ...#
)..............####.###
....###..###...##.....#
.?.o.##†.####.###.#.#.####
....o.......†.........))..


You could see an orc priest and an orc.

Vanquished Creatures
  An orc priest (D:3)
  4 adders
  An ooze (D:1)
  2 worms
  A giant gecko (D:1)
  7 orcs (D:3)
  5 giant cockroaches
  8 hobgoblins
  2 jackals (D:2)
  3 quokkas
  3 ball pythons
  4 bats
  5 giant newts
  6 goblins
  7 kobolds
  5 rats
64 creatures vanquished.

Notes
Turn   | Place    | Note
--------------------------------------------------------------
     0 | D:1      | Peloso the Minotaur Fighter began the quest for the Orb.
     0 | D:1      | Reached XP level 1. HP: 19/19 MP: 0/0
   185 | D:1      | Reached XP level 2. HP: 27/27 MP: 1/1
   358 | D:1      | Reached skill level 4 in Fighting
   761 | D:2      | Reached XP level 3. HP: 23/34 MP: 2/2
  1278 | D:2      | Reached XP level 4. HP: 41/41 MP: 3/3
  1468 | D:2      | You fall through a shaft!
  1582 | D:3      | Reached skill level 1 in Dodging
  1610 | D:3      | Reached XP level 5. HP: 35/47 MP: 4/4
  1623 | D:3      | Killed from afar by an orc priest

Action                   |  1- 3 |  4- 6 || total
-------------------------+-------+-------++-------
Melee: Long sword        |   110 |    52 ||   162
  Eat: Chunk             |     1 |     1 ||     2
